Senateurs vs Jets
Created - February 5, 2023 at 10:12
Goals
|
Senateurs |
0 |
1 |
1 |
0 |
2 |
3 |
Jets |
0 |
0 |
2 |
0 |
1 |
2 |
|
Shots
|
Senateurs |
13 |
10 |
5 |
1 |
4 |
29 |
Jets |
10 |
6 |
14 |
2 |
4 |
32 |
|
1st period
No Goal
Penalties :
Dougie Hamilton (Win) for Tripping (Minor) at 7:33, Nick Bjugstad (Win) for High sticking (Minor) at 18:39
2nd period
1. Senateurs , Sean Bergenheim 11 (Eric Gelinas 15, Sidney Crosby 34) at 0:05 (PP)
Penalties :
Michael Matheson (Ott) for Interference (Minor) at 2:05, Adam Larsson (Win) for Boarding (Minor) at 10:37, Tim Schaller (Ott) for Hooking (Minor) at 14:54
3rd period
2. Jets , Nick Bjugstad 13 (Ryan Johansen 23, Marco Scandella 10) at 0:34
3. Senateurs , Jordan Martinook 7 (Garnet Hathaway 3, Taylor Chorney 14) at 9:50
4. Jets , Tyler Seguin 14 (Dougie Hamilton 17, Max Domi 16) at 11:13
Penalties :
Jason Akeson (Ott) for Tripping (Minor) at 5:56, Alexander Wennberg (Win) for Hooking (Minor) at 17:29
Overtime #1
No Goal
Penalties :
No Penalty
Shootout
Senateurs, Sidney Crosby - Shot Misses the Net
Jets, Ryan Johansen - Stopped by Jonathan Bernier
Senateurs, Evgeni Malkin - Goal!
Jets, Tyler Toffoli - Stopped by Jonathan Bernier
Senateurs, David Backes - Stopped by Jacob Markstrom
Jets, Tyler Seguin - Goal!
Senateurs, Michael Frolik - Goal!
Jets, Jussi Jokinen - Stopped by Jonathan Bernier
Penalties :
No Penalty
Goalie Stats
Jonathan Bernier (Ott), 30 saves from 32 shots - (0.938), W, 12-13-1, 65:00 minutes
Jacob Markstrom (Win), 27 saves from 29 shots - (0.931), OTL, 18-11-3, 65:00 minutes
Players Stats for Senateurs
Player Name G A P +/- PIM S H SB GA TA FO MP PP MP PK MP
------------------------------------------------------------------------------------
Brandon Sutter 0 0 0 -1 0 1 2 1 1 0 3/5 13:09 0:26 0:24
Cody Eakin 0 0 0 1 0 1 0 0 0 1 1/2 7:45 0:00 0:00
David Backes 0 0 0 0 0 2 1 1 1 0 1/1 19:22 3:25 0:00
Eric Gelinas 0 1 1 -2 0 1 2 3 0 0 0/0 31:23 4:28 3:09
Evgeni Malkin 0 0 0 -1 0 3 2 0 0 1 8/16 20:32 3:15 2:43
Garnet Hathaway 0 1 1 1 0 0 1 0 0 1 0/0 8:00 0:00 0:00
Jared Cowen 0 0 0 -2 0 1 0 1 0 0 0/0 29:01 4:42 2:28
Jason Akeson 0 0 0 -1 2 1 1 0 0 0 1/1 11:00 0:00 0:00
Jeff Woywitka 0 0 0 1 0 1 3 3 0 0 0/0 23:18 3:39 3:29
Jordan Martinook 1 0 1 1 0 1 0 1 0 0 0/0 9:00 0:10 0:29
Ladislav Smid 0 0 0 0 0 1 0 0 0 0 0/0 7:34 1:23 0:53
Michael Frolik 0 0 0 -1 0 2 5 1 3 0 0/0 18:35 3:42 2:35
Michael Matheson 0 0 0 0 2 1 1 1 0 0 0/0 14:59 0:26 0:00
Rostislav Olesz 0 0 0 -1 0 2 0 0 0 2 1/1 17:49 3:15 0:00
Sean Bergenheim 1 0 1 0 0 5 3 1 0 0 0/0 24:46 3:58 2:53
Sidney Crosby 0 1 1 0 0 3 3 1 1 0 17/35 24:51 3:58 2:50
Taylor Chorney 0 1 1 1 0 2 4 1 1 1 0/0 22:51 0:08 1:55
Tim Schaller 0 0 0 -1 2 1 0 0 2 0 0/0 10:05 0:00 0:00
Players Stats for Jets
Player Name G A P +/- PIM S H SB GA TA FO MP PP MP PK MP
------------------------------------------------------------------------------------
Adam Larsson 0 0 0 1 2 3 0 0 2 0 0/0 18:55 0:48 2:09
Alex Galchenyuk 0 0 0 1 0 2 2 0 0 0 1/1 20:40 2:57 1:07
Alexander Wennberg 0 0 0 -1 2 2 1 0 0 0 3/8 11:11 0:00 0:31
Anthony Mantha 0 0 0 -1 0 4 4 0 0 2 0/0 14:51 0:00 3:56
Brent Burns 0 0 0 0 0 4 1 1 0 0 0/0 19:51 2:19 1:30
Dougie Hamilton 0 1 1 0 2 2 2 0 1 2 0/0 26:33 3:38 2:28
Frank Vatrano 0 0 0 0 0 0 0 0 0 0 0/1 10:33 0:00 2:13
Jussi Jokinen 0 0 0 -1 0 2 3 0 0 0 0/0 10:24 0:00 0:00
Marco Scandella 0 1 1 1 0 0 0 1 0 0 0/0 20:05 0:00 4:29
Max Domi 0 1 1 1 0 3 3 0 0 1 0/1 19:17 3:00 0:00
Nick Bjugstad 1 0 1 1 2 2 3 1 0 1 1/2 19:42 3:00 1:15
Noel Acciari 0 0 0 0 0 1 0 0 0 0 1/5 7:13 0:00 0:00
Ryan Johansen 0 1 1 1 0 2 3 3 1 0 15/29 22:50 2:57 3:31
Ryan Murray 0 0 0 1 0 1 1 1 0 0 0/0 27:53 2:19 4:10
Sam Reinhart 0 0 0 0 0 0 1 0 1 0 0/0 7:13 0:00 0:00
Troy Stetcher 0 0 0 -1 0 1 0 1 1 3 0/0 17:31 2:50 0:00
Tyler Seguin 1 0 1 1 0 1 4 1 0 0 8/14 18:25 3:00 0:00
Tyler Toffoli 0 0 0 1 0 2 4 0 0 0 0/0 19:26 2:57 2:13
3 Stars
1 - Tyler Seguin (Win)
2 - Sean Bergenheim (Ott)
3 - Taylor Chorney (Ott)
Power Play
Senateurs - 1 on 4 Attempt(s) - 25.00%
Jets - 0 on 3 Attempt(s) - 0.00%
Penalty Kill
Senateurs - 3 on 3 Attempt(s) - 100.00%
- Score 0 goal in Penalty Kill
Jets - 3 on 4 Attempt(s) - 75.00%
- Score 0 goal in Penalty Kill
Team Stat
Senateurs - Hits : 28 - Faceoff Wins : 32 - Blocked Shots : 15 - Penalty Minutes : 6
Jets - Hits : 32 - Faceoff Wins : 29 - Blocked Shots : 9 - Penalty Minutes : 8
Official
Referees : Dan Kelly and Trevor Hanson
Linesman : Mark Shewchyk and Steve Miller
Game Notes
Ladislav Smid is injured at 7:40 of 2nd period (Bruised Left Shoulder)
Finance
Level 1 -- Attendance: 6000 (100.00%) -- Ticket Income $600,000
Level 2 -- Attendance: 5000 (100.00%) -- Ticket Income $300,000
Level 3 -- Attendance: 2000 (100.00%) -- Ticket Income $70,000
Level 4 -- Attendance: 3712 (92.80%) -- Ticket Income $92,800
Luxury Box -- Attendance: 911 (91.10%) -- Ticket Income $182,200
Game was played at the Bell MTS Place.
Total Attendance: 17623 (97.91%)
Total Ticket Income: $1,245,000
Other Income: $186,750
Total Income: $1,431,750
Senateurs
5 vs 5 Forward
Center Left Wing Right Wing Time % Phy DF OF
1 Sidney Crosby Sean Bergenheim David Backes 40 0 2 3
2 Evgeni Malkin Rostislav Olesz Michael Frolik 30 0 2 3
3 Brandon Sutter Tim Schaller Jason Akeson 20 1 2 2
4 Cody Eakin Jordan Martinook Garnet Hathaway 10 1 2 2
5 vs 5 Defense
Defense Defense Time % Phy DF OF
1 Jared Cowen Eric Gelinas 40 1 2 2
2 Ladislav Smid Jeff Woywitka 30 1 2 2
3 Taylor Chorney Michael Matheson 20 1 2 2
4 Jared Cowen Eric Gelinas 10 1 2 2
PowerPlay Forward
Center Left Wing Right Wing Time % Phy DF OF
1 Sidney Crosby Sean Bergenheim Michael Frolik 60 0 1 4
2 Evgeni Malkin Rostislav Olesz David Backes 40 0 1 4
PowerPlay Defense
Defense Defense Time % Phy DF OF
1 Jared Cowen Eric Gelinas 60 0 1 4
2 Ladislav Smid Jeff Woywitka 40 0 1 4
Penalty Kill 4 Players Forward
Center Wing Time % Phy DF OF
1 Sidney Crosby Michael Frolik 50 1 2 2
2 Evgeni Malkin Sean Bergenheim 50 1 2 2
Penalty Kill 4 Players Defense
Defense Defense Time % Phy DF OF
1 Jared Cowen Eric Gelinas 50 1 2 2
2 Ladislav Smid Jeff Woywitka 50 1 2 2
Penalty Kill - 3 Players Forward
Forward Time % Phy DF OF
1 Sidney Crosby 50 1 2 2
2 Evgeni Malkin 50 1 2 2
Penalty Kill - 3 Players Defense
Defense Defense Time % Phy DF OF
1 Jared Cowen Eric Gelinas 50 1 2 2
2 Ladislav Smid Jeff Woywitka 50 1 2 2
4 vs 4 Forward
Center Wing Time % Phy DF OF
1 Sidney Crosby Sean Bergenheim 60 1 2 2
2 Evgeni Malkin Rostislav Olesz 40 1 2 2
4 vs 4 Defense
Defense Defense Time % Phy DF OF
1 Jared Cowen Eric Gelinas 60 1 2 2
2 Ladislav Smid Jeff Woywitka 40 1 2 2
Last Minutes Offensive
Center Left Wing Right Wing Defense Defense
Sidney Crosby Sean Bergenheim David Backes Jared Cowen Eric Gelinas
Last Minutes Defensive
Center Left Wing Right Wing Defense Defense
Sidney Crosby Sean Bergenheim David Backes Jared Cowen Eric Gelinas
Goaltenders
Starting : Jonathan Bernier
Backup : Brian Elliott
Extra Forwards
Normal : Sean Bergenheim, Brandon Sutter, Jason Akeson - PP : Sean Bergenheim, Brandon Sutter - PK : Sean Bergenheim
Extra Defensemen
Normal : Jeff Woywitka, Taylor Chorney, Michael Matheson - PP : Jeff Woywitka - PK : Jeff Woywitka, Taylor Chorney
Penalty Shots
Sidney Crosby, Evgeni Malkin, David Backes, Michael Frolik, Cody Eakin
Scratches
Anthony Bitetto (Healthy), Linden Vey (Healthy)
Jets
5 vs 5 Forward
Center Left Wing Right Wing Time % Phy DF OF
1 Ryan Johansen Alex Galchenyuk Nick Bjugstad 35 1 2 2
2 Tyler Seguin Max Domi Tyler Toffoli 35 1 2 2
3 Alexander Wennberg Jussi Jokinen Anthony Mantha 20 1 2 2
4 Noel Acciari Frank Vatrano Sam Reinhart 10 1 2 2
5 vs 5 Defense
Defense Defense Time % Phy DF OF
1 Ryan Murray Dougie Hamilton 40 1 2 2
2 Adam Larsson Marco Scandella 30 1 2 2
3 Brent Burns Troy Stetcher 30 1 2 2
4 Ryan Murray Adam Larsson 0 1 2 2
PowerPlay Forward
Center Left Wing Right Wing Time % Phy DF OF
1 Ryan Johansen Alex Galchenyuk Tyler Toffoli 55 1 0 4
2 Tyler Seguin Max Domi Nick Bjugstad 45 1 0 4
PowerPlay Defense
Defense Defense Time % Phy DF OF
1 Troy Stetcher Dougie Hamilton 60 0 1 4
2 Brent Burns Ryan Murray 40 0 1 4
Penalty Kill 4 Players Forward
Center Wing Time % Phy DF OF
1 Ryan Johansen Anthony Mantha 60 1 2 2
2 Tyler Toffoli Frank Vatrano 40 1 2 2
Penalty Kill 4 Players Defense
Defense Defense Time % Phy DF OF
1 Ryan Murray Marco Scandella 60 1 3 1
2 Dougie Hamilton Adam Larsson 40 1 3 1
Penalty Kill - 3 Players Forward
Forward Time % Phy DF OF
1 Ryan Johansen 60 0 4 1
2 Tyler Seguin 40 0 4 1
Penalty Kill - 3 Players Defense
Defense Defense Time % Phy DF OF
1 Ryan Murray Marco Scandella 60 1 4 0
2 Adam Larsson Dougie Hamilton 40 1 4 0
4 vs 4 Forward
Center Wing Time % Phy DF OF
1 Ryan Johansen Alex Galchenyuk 60 1 2 2
2 Tyler Seguin Max Domi 40 1 2 2
4 vs 4 Defense
Defense Defense Time % Phy DF OF
1 Adam Larsson Marco Scandella 60 1 2 2
2 Dougie Hamilton Ryan Murray 40 1 2 2
Last Minutes Offensive
Center Left Wing Right Wing Defense Defense
Ryan Johansen Alex Galchenyuk Tyler Toffoli Dougie Hamilton Marco Scandella
Last Minutes Defensive
Center Left Wing Right Wing Defense Defense
Ryan Johansen Frank Vatrano Tyler Toffoli Ryan Murray Marco Scandella
Goaltenders
Starting : Jacob Markstrom
Backup : Elvis Merzlikins
Extra Forwards
Normal : Nick Bjugstad, Max Domi, Anthony Mantha - PP : Nick Bjugstad, Alexander Wennberg - PK : Nick Bjugstad
Extra Defensemen
Normal : Dougie Hamilton, Adam Larsson, Marco Scandella - PP : Brent Burns - PK : Brent Burns, Marco Scandella
Penalty Shots
Ryan Johansen, Tyler Toffoli, Tyler Seguin, Jussi Jokinen, Nick Bjugstad
Scratches
None
% Time on Ice - Senateurs
Lines # - Real PCT - Wanted PCT - Time Play
Normal Forward
1 - 35% - 40% - 16:20
2 - 27% - 30% - 12:32
3 - 22% - 20% - 10:03
4 - 17% - 10% - 7:45
Normal Defense
1 - 38% - 40% - 17:51
2 - 37% - 30% - 17:16
3 - 23% - 20% - 10:43
4 - 2% - 10% - 0:50
PP Forward
1 - 56% - 60% - 4:08
2 - 44% - 40% - 3:15
PP Defense
1 - 45% - 60% - 3:18
2 - 55% - 40% - 4:05
PK Forward
1 - 48% - 50% - 2:50
2 - 52% - 50% - 3:07
PK Defense
1 - 41% - 50% - 2:28
2 - 59% - 50% - 3:29
PK3 Forward
1 - 0% - 50%
2 - 0% - 50%
PK3 Defense
1 - 0% - 50%
2 - 0% - 50%
44 Forward
1 - 55% - 60% - 2:44
2 - 45% - 40% - 2:16
44 Defense
1 - 56% - 60% - 2:49
2 - 44% - 40% - 2:11
Last Minute Offensive - 0:00
Last Minute Defensive - 0:00
Total
Forward - 65:00
Defense - 65:00
|
% Time on Ice - Jets
Lines # - Real PCT - Wanted PCT - Time Play
Normal Forward
1 - 31% - 35% - 14:38
2 - 31% - 35% - 14:25
3 - 22% - 20% - 10:24
4 - 15% - 10% - 7:13
Normal Defense
1 - 40% - 40% - 18:28
2 - 30% - 30% - 14:00
3 - 30% - 30% - 14:12
4 - 0% - 0% - 0:00
PP Forward
1 - 50% - 55% - 2:57
2 - 50% - 45% - 3:00
PP Defense
1 - 61% - 60% - 3:38
2 - 39% - 40% - 2:19
PK Forward
1 - 70% - 60% - 5:10
2 - 30% - 40% - 2:13
PK Defense
1 - 56% - 60% - 4:10
2 - 44% - 40% - 3:13
PK3 Forward
1 - 0% - 60%
2 - 0% - 40%
PK3 Defense
1 - 0% - 60%
2 - 0% - 40%
44 Forward
1 - 62% - 60% - 3:07
2 - 38% - 40% - 1:53
44 Defense
1 - 59% - 60% - 2:58
2 - 41% - 40% - 2:02
Last Minute Offensive - 0:00
Last Minute Defensive - 0:00
Total
Forward - 65:00
Defense - 65:00
|
Play-by-Play
1st period
0:01 of 1st period - Sidney Crosby wins face-off versus Ryan Johansen in neutral zone.
0:26 of 1st period - Jared Cowen is hit by Tyler Seguin and loses puck.
0:59 of 1st period - Snap shot by Alexander Wennberg.
0:59 of 1st period - Stopped by Jonathan Bernier without a rebound.
1:00 of 1st period - Cody Eakin wins face-off versus Noel Acciari in Senateurs zone.
1:15 of 1st period - Wrist shot by Sam Reinhart.
1:15 of 1st period - Shot Misses the Net.
1:43 of 1st period - Snap shot by Cody Eakin.
1:43 of 1st period - Stopped by Jacob Markstrom with a rebound.
1:45 of 1st period - Snap shot by Cody Eakin.
1:45 of 1st period - Shot Blocked by Ryan Johansen.
1:47 of 1st period - Slapshot by Taylor Chorney.
1:47 of 1st period - Deflect By Marco Scandella.
1:47 of 1st period - Stopped by Jacob Markstrom without a rebound.
1:48 of 1st period - Sidney Crosby wins face-off versus Tyler Seguin in Jets zone.
2:15 of 1st period - Alexander Wennberg is hit by Jason Akeson and loses puck.
3:05 of 1st period - Wrist shot by Evgeni Malkin.
3:05 of 1st period - Stopped by Jacob Markstrom without a rebound.
3:06 of 1st period - Sidney Crosby wins face-off versus Tyler Seguin in Jets zone.
4:14 of 1st period - Off-side.
4:15 of 1st period - Ryan Johansen wins face-off versus Sidney Crosby in neutral zone.
4:17 of 1st period - Off-side.
4:18 of 1st period - Sidney Crosby wins face-off versus Ryan Johansen in neutral zone.
4:21 of 1st period - Snap shot by Sean Bergenheim.
4:21 of 1st period - Shot Hit the Post.
4:51 of 1st period - Slapshot by Sidney Crosby.
4:51 of 1st period - Stopped by Jacob Markstrom with a rebound.
4:53 of 1st period - Snap shot by Sean Bergenheim.
4:53 of 1st period - Stopped by Jacob Markstrom with a rebound.
4:57 of 1st period - Wrist shot by Sidney Crosby.
4:57 of 1st period - Stopped by Jacob Markstrom with a rebound.
5:04 of 1st period - Slapshot by Jared Cowen.
5:04 of 1st period - Deflect By Sidney Crosby.
5:04 of 1st period - Shot Blocked by Tyler Seguin.
5:04 of 1st period - Puck is out of play.
5:05 of 1st period - Noel Acciari wins face-off versus Evgeni Malkin in Jets zone.
5:05 of 1st period - Noel Acciari is hit by Michael Frolik.
6:13 of 1st period - Icing by Tim Schaller.
6:14 of 1st period - Alexander Wennberg wins face-off versus Brandon Sutter in Senateurs zone.
6:45 of 1st period - Snap shot by Sean Bergenheim.
6:45 of 1st period - Shot Misses the Net.
7:03 of 1st period - Snap shot by Ryan Johansen.
7:03 of 1st period - Shot Misses the Net.
7:09 of 1st period - Snap shot by Nick Bjugstad.
7:09 of 1st period - Shot Blocked by Michael Frolik.
7:11 of 1st period - Snap shot by Troy Stetcher.
7:11 of 1st period - Stopped by Jonathan Bernier without a rebound.
7:12 of 1st period - Sidney Crosby wins face-off versus Tyler Seguin in Senateurs zone.
7:27 of 1st period - Wrist shot by Sean Bergenheim.
7:27 of 1st period - Stopped by Jacob Markstrom with a rebound.
7:33 of 1st period - Minor Penalty to Dougie Hamilton for Tripping.
7:34 of 1st period - Ryan Johansen wins face-off versus Sidney Crosby in Jets zone.
8:07 of 1st period - Slapshot by Jared Cowen.
8:07 of 1st period - Shot Misses the Net.
8:09 of 1st period - Slapshot by David Backes.
8:09 of 1st period - Stopped by Jacob Markstrom with a rebound.
8:19 of 1st period - Wrist shot by Tyler Toffoli.
8:19 of 1st period - Shot Misses the Net.
9:27 of 1st period - Sidney Crosby is hit by Alex Galchenyuk.
9:33 of 1st period - Penalty to Dougie Hamilton is over, Dougie Hamilton is back on ice.
9:43 of 1st period - Wrist shot by Dougie Hamilton.
9:43 of 1st period - Shot Blocked by Jeff Woywitka.
9:49 of 1st period - Dougie Hamilton is hit by Jeff Woywitka and loses puck.
10:04 of 1st period - Wrist shot by Nick Bjugstad.
10:04 of 1st period - Shot Blocked by Michael Matheson.
10:06 of 1st period - Snap shot by Alex Galchenyuk.
10:06 of 1st period - Stopped by Jonathan Bernier with a rebound.
10:08 of 1st period - Wrist shot by Brent Burns.
10:08 of 1st period - Shot Misses the Net.
10:26 of 1st period - Michael Matheson is hit by Ryan Murray and loses puck.
11:07 of 1st period - Snap shot by Ryan Murray.
11:07 of 1st period - Stopped by Jonathan Bernier without a rebound.
11:08 of 1st period - Sidney Crosby wins face-off versus Ryan Johansen in Senateurs zone.
11:13 of 1st period - David Backes is hit by Nick Bjugstad and loses puck.
11:18 of 1st period - Slapshot by Alex Galchenyuk.
11:18 of 1st period - Shot Misses the Net.
11:20 of 1st period - Slapshot by Brent Burns.
11:20 of 1st period - Stopped by Jonathan Bernier without a rebound.
11:21 of 1st period - Alex Galchenyuk wins face-off versus Sidney Crosby in Senateurs zone.
11:48 of 1st period - Troy Stetcher is hit by Evgeni Malkin and loses puck.
12:36 of 1st period - Icing by Tyler Toffoli.
12:37 of 1st period - Tyler Seguin wins face-off versus Sidney Crosby in Jets zone.
12:58 of 1st period - Sean Bergenheim is hit by Tyler Seguin.
13:56 of 1st period - Adam Larsson is hit by Taylor Chorney and loses puck.
14:05 of 1st period - Snap shot by Tyler Seguin.
14:05 of 1st period - Shot Blocked by Sean Bergenheim.
14:07 of 1st period - Slapshot by Tyler Toffoli.
14:07 of 1st period - Stopped by Jonathan Bernier with a rebound.
14:41 of 1st period - Slapshot by Max Domi.
14:41 of 1st period - Shot Blocked by Taylor Chorney.
14:43 of 1st period - Snap shot by Tyler Toffoli.
14:43 of 1st period - Shot Misses the Net.
14:45 of 1st period - Wrist shot by Tyler Toffoli.
14:45 of 1st period - Stopped by Jonathan Bernier with a rebound.
14:47 of 1st period - Slapshot by Adam Larsson.
14:47 of 1st period - Shot Misses the Net.
14:59 of 1st period - Wrist shot by Tyler Seguin.
14:59 of 1st period - Shot Misses the Net.
15:01 of 1st period - Wrist shot by Adam Larsson.
15:01 of 1st period - Stopped by Jonathan Bernier without a rebound.
15:02 of 1st period - Ryan Johansen wins face-off versus Evgeni Malkin in Senateurs zone.
15:03 of 1st period - Slapshot by Alex Galchenyuk.
15:03 of 1st period - Stopped by Jonathan Bernier without a rebound.
15:04 of 1st period - Ryan Johansen wins face-off versus Evgeni Malkin in Senateurs zone.
16:15 of 1st period - Alex Galchenyuk is hit by Michael Frolik and loses puck.
16:26 of 1st period - Ryan Johansen is hit by Brandon Sutter.
16:33 of 1st period - Jason Akeson is hit by Brent Burns and loses puck.
16:40 of 1st period - Wrist shot by Alex Galchenyuk.
16:40 of 1st period - Shot Misses the Net.
16:43 of 1st period - Icing by Jared Cowen.
16:44 of 1st period - Brandon Sutter wins face-off versus Alexander Wennberg in Senateurs zone.
16:49 of 1st period - Eric Gelinas is hit by Jussi Jokinen and loses puck.
16:54 of 1st period - Snap shot by Alexander Wennberg.
16:54 of 1st period - Shot Blocked by Brandon Sutter.
16:56 of 1st period - Slapshot by Dougie Hamilton.
16:56 of 1st period - Stopped by Jonathan Bernier with a rebound.
17:12 of 1st period - Eric Gelinas is hit by Anthony Mantha and loses puck.
17:31 of 1st period - Slapshot by Jason Akeson.
17:31 of 1st period - Shot Misses the Net.
17:33 of 1st period - Slapshot by Ladislav Smid.
17:33 of 1st period - Deflect By Anthony Mantha.
17:33 of 1st period - Stopped by Jacob Markstrom with a rebound.
17:35 of 1st period - Wrist shot by Brandon Sutter.
17:35 of 1st period - Shot Blocked by Troy Stetcher.
17:41 of 1st period - Wrist shot by Brandon Sutter.
17:41 of 1st period - Shot Misses the Net.
17:43 of 1st period - Wrist shot by Brandon Sutter.
17:43 of 1st period - Shot Misses the Net.
18:01 of 1st period - Wrist shot by Jason Akeson.
18:01 of 1st period - Deflect By Brandon Sutter.
18:01 of 1st period - Stopped by Jacob Markstrom without a rebound.
18:02 of 1st period - Evgeni Malkin wins face-off versus Ryan Johansen in Jets zone.
18:17 of 1st period - Wrist shot by Michael Frolik.
18:17 of 1st period - Shot Misses the Net.
18:19 of 1st period - Wrist shot by Michael Matheson.
18:19 of 1st period - Stopped by Jacob Markstrom without a rebound.
18:20 of 1st period - Sidney Crosby wins face-off versus Noel Acciari in Jets zone.
18:33 of 1st period - Wrist shot by Sidney Crosby.
18:33 of 1st period - Stopped by Jacob Markstrom with a rebound.
18:35 of 1st period - Slapshot by David Backes.
18:35 of 1st period - Stopped by Jacob Markstrom without a rebound.
18:36 of 1st period - Ryan Johansen wins face-off versus Evgeni Malkin in Jets zone.
18:36 of 1st period - Ryan Johansen is hit by Michael Frolik.
18:39 of 1st period - Minor Penalty to Nick Bjugstad for High sticking.
18:40 of 1st period - Ryan Johansen wins face-off versus Sidney Crosby in Jets zone.
18:52 of 1st period - Wrist shot by Sidney Crosby.
18:52 of 1st period - Shot Blocked by Ryan Murray.
18:54 of 1st period - Wrist shot by Michael Frolik.
18:54 of 1st period - Shot Blocked by Marco Scandella.
Goals for this period are 0 for Senateurs vs 0 for Jets.
Shots for this period are 13 for Senateurs vs 10 for Jets.
2nd period
0:01 of 2nd period - Sidney Crosby wins face-off versus Ryan Johansen in neutral zone.
0:05 of 2nd period - Snap shot by Sean Bergenheim.
0:05 of 2nd period - Goal by Sean Bergenheim - Senateurs : 1 - Jets : 0.
0:06 of 2nd period - Evgeni Malkin wins face-off versus Ryan Johansen in neutral zone.
0:21 of 2nd period - Slapshot by Alex Galchenyuk.
0:21 of 2nd period - Shot Misses the Net.
0:23 of 2nd period - Slapshot by Dougie Hamilton.
0:23 of 2nd period - Shot Blocked by Jeff Woywitka.
0:58 of 2nd period - Slapshot by Max Domi.
0:58 of 2nd period - Shot Misses the Net.
2:05 of 2nd period - Minor Penalty to Michael Matheson for Interference.
2:06 of 2nd period - Sidney Crosby wins face-off versus Ryan Johansen in Senateurs zone.
2:16 of 2nd period - Sean Bergenheim is hit by Dougie Hamilton and loses puck.
4:05 of 2nd period - Penalty to Michael Matheson is over, Michael Matheson is back on ice.
4:29 of 2nd period - Tim Schaller is hit by Anthony Mantha and loses puck.
4:59 of 2nd period - Michael Frolik is hit by Anthony Mantha and loses puck.
5:48 of 2nd period - Marco Scandella is hit by Eric Gelinas and loses puck.
6:07 of 2nd period - Taylor Chorney is hit by Nick Bjugstad and loses puck.
6:15 of 2nd period - Off-side.
6:16 of 2nd period - Evgeni Malkin wins face-off versus Alexander Wennberg in neutral zone.
6:19 of 2nd period - Slapshot by Jeff Woywitka.
6:19 of 2nd period - Stopped by Jacob Markstrom without a rebound.
6:20 of 2nd period - Alexander Wennberg wins face-off versus Evgeni Malkin in Jets zone.
6:24 of 2nd period - Off-side.
6:25 of 2nd period - Sidney Crosby wins face-off versus Alexander Wennberg in neutral zone.
6:28 of 2nd period - Snap shot by David Backes.
6:28 of 2nd period - Deflect By Brent Burns.
6:28 of 2nd period - Shot Blocked by Brent Burns.
6:28 of 2nd period - Puck is out of play.
6:29 of 2nd period - Ryan Johansen wins face-off versus Sidney Crosby in Jets zone.
6:29 of 2nd period - Ryan Johansen is hit by David Backes.
6:42 of 2nd period - Sean Bergenheim is hit by Ryan Johansen.
6:43 of 2nd period - Icing by Sean Bergenheim.
6:44 of 2nd period - Sidney Crosby wins face-off versus Ryan Johansen in Senateurs zone.
6:49 of 2nd period - Slapshot by Jared Cowen.
6:49 of 2nd period - Stopped by Jacob Markstrom without a rebound.
6:50 of 2nd period - Evgeni Malkin wins face-off versus Ryan Johansen in Jets zone.
6:53 of 2nd period - Wrist shot by Michael Frolik.
6:53 of 2nd period - Shot Misses the Net.
7:39 of 2nd period - Ladislav Smid is hit by Anthony Mantha.
7:40 of 2nd period - Ladislav Smid from Senateurs is injured at 7:40 of 2nd period (Bruised Left Shoulder).
7:41 of 2nd period - Sidney Crosby wins face-off versus Ryan Johansen in Senateurs zone.
7:50 of 2nd period - Snap shot by Sidney Crosby.
7:50 of 2nd period - Shot Misses the Net.
7:52 of 2nd period - Snap shot by Sidney Crosby.
7:52 of 2nd period - Shot Misses the Net.
8:08 of 2nd period - Rostislav Olesz is hit by Tyler Toffoli and loses puck.
8:13 of 2nd period - Wrist shot by Max Domi.
8:13 of 2nd period - Stopped by Jonathan Bernier without a rebound.
8:14 of 2nd period - Tyler Seguin wins face-off versus Sidney Crosby in Senateurs zone.
8:51 of 2nd period - Wrist shot by Jussi Jokinen.
8:51 of 2nd period - Stopped by Jonathan Bernier with a rebound.
8:53 of 2nd period - Slapshot by Brent Burns.
8:53 of 2nd period - Stopped by Jonathan Bernier without a rebound.
8:54 of 2nd period - Evgeni Malkin wins face-off versus Ryan Johansen in Senateurs zone.
9:03 of 2nd period - Slapshot by Michael Frolik.
9:03 of 2nd period - Stopped by Jacob Markstrom without a rebound.
9:04 of 2nd period - Ryan Johansen wins face-off versus Evgeni Malkin in Jets zone.
9:04 of 2nd period - Ryan Johansen is hit by Taylor Chorney.
9:59 of 2nd period - Snap shot by Evgeni Malkin.
9:59 of 2nd period - Shot Blocked by Ryan Johansen.
10:13 of 2nd period - Snap shot by Evgeni Malkin.
10:13 of 2nd period - Stopped by Jacob Markstrom with a rebound.
10:15 of 2nd period - Snap shot by Evgeni Malkin.
10:15 of 2nd period - Stopped by Jacob Markstrom without a rebound.
10:16 of 2nd period - Sidney Crosby wins face-off versus Tyler Seguin in Jets zone.
10:37 of 2nd period - Minor Penalty to Adam Larsson for Boarding.
10:38 of 2nd period - Ryan Johansen wins face-off versus Sidney Crosby in Jets zone.
11:11 of 2nd period - David Backes is hit by Tyler Toffoli and loses puck.
11:30 of 2nd period - Ryan Johansen is hit by Sidney Crosby and loses puck.
12:37 of 2nd period - Penalty to Adam Larsson is over, Adam Larsson is back on ice.
13:13 of 2nd period - Off-side.
13:14 of 2nd period - Alexander Wennberg wins face-off versus Brandon Sutter in neutral zone.
13:31 of 2nd period - Michael Matheson is hit by Jussi Jokinen and loses puck.
13:42 of 2nd period - Garnet Hathaway is hit by Alex Galchenyuk.
13:46 of 2nd period - Troy Stetcher is hit by Michael Matheson and loses puck.
14:07 of 2nd period - Wrist shot by Rostislav Olesz.
14:07 of 2nd period - Shot Misses the Net.
14:09 of 2nd period - Slapshot by Eric Gelinas.
14:09 of 2nd period - Stopped by Jacob Markstrom with a rebound.
14:15 of 2nd period - Slapshot by Rostislav Olesz.
14:15 of 2nd period - Shot Blocked by Ryan Johansen.
14:54 of 2nd period - Minor Penalty to Tim Schaller for Hooking.
14:55 of 2nd period - Tyler Seguin wins face-off versus Sidney Crosby in Senateurs zone.
15:12 of 2nd period - Icing by Adam Larsson.
15:13 of 2nd period - Evgeni Malkin wins face-off versus Ryan Johansen in Jets zone.
15:14 of 2nd period - Snap shot by Sean Bergenheim.
15:14 of 2nd period - Stopped by Jacob Markstrom with a rebound.
15:22 of 2nd period - Slapshot by Sean Bergenheim.
15:22 of 2nd period - Deflect By Alex Galchenyuk.
15:22 of 2nd period - Stopped by Jacob Markstrom with a rebound.
15:40 of 2nd period - Snap shot by Nick Bjugstad.
15:40 of 2nd period - Shot Blocked by Sidney Crosby.
15:42 of 2nd period - Slapshot by Dougie Hamilton.
15:42 of 2nd period - Stopped by Jonathan Bernier without a rebound.
15:43 of 2nd period - Sidney Crosby wins face-off versus Max Domi in Senateurs zone.
16:33 of 2nd period - Evgeni Malkin is hit by Tyler Toffoli and loses puck.
16:54 of 2nd period - Penalty to Tim Schaller is over, Tim Schaller is back on ice.
17:02 of 2nd period - Garnet Hathaway is hit by Alexander Wennberg and loses puck.
17:11 of 2nd period - Wrist shot by Alexander Wennberg.
17:11 of 2nd period - Deflect By Jussi Jokinen.
17:11 of 2nd period - Stopped by Jonathan Bernier without a rebound.
17:12 of 2nd period - Brandon Sutter wins face-off versus Noel Acciari in Senateurs zone.
17:21 of 2nd period - Snap shot by Frank Vatrano.
17:21 of 2nd period - Shot Blocked by Jeff Woywitka.
17:23 of 2nd period - Slapshot by Adam Larsson.
17:23 of 2nd period - Stopped by Jonathan Bernier with a rebound.
17:37 of 2nd period - Max Domi is hit by Jeff Woywitka and loses puck.
18:05 of 2nd period - Marco Scandella is hit by Michael Frolik and loses puck.
18:12 of 2nd period - Jared Cowen is hit by Jussi Jokinen and loses puck.
18:46 of 2nd period - Off-side.
18:47 of 2nd period - Brandon Sutter wins face-off versus Noel Acciari in neutral zone.
18:54 of 2nd period - Jason Akeson is hit by Sam Reinhart and loses puck.
19:09 of 2nd period - Snap shot by Jason Akeson.
19:09 of 2nd period - Stopped by Jacob Markstrom without a rebound.
19:10 of 2nd period - Sidney Crosby wins face-off versus Tyler Seguin in Jets zone.
19:29 of 2nd period - Max Domi is hit by Jeff Woywitka and loses puck.
19:45 of 2nd period - Ryan Johansen is hit by Evgeni Malkin and loses puck.
Goals for this period are 1 for Senateurs vs 0 for Jets.
Shots for this period are 10 for Senateurs vs 6 for Jets.
3rd period
0:01 of 3rd period - Tyler Seguin wins face-off versus Sidney Crosby in neutral zone.
0:08 of 3rd period - Wrist shot by Tyler Seguin.
0:08 of 3rd period - Shot Misses the Net.
0:28 of 3rd period - Snap shot by Alex Galchenyuk.
0:28 of 3rd period - Shot Misses the Net.
0:32 of 3rd period - Slapshot by Ryan Johansen.
0:32 of 3rd period - Shot Misses the Net.
0:34 of 3rd period - Wrist shot by Nick Bjugstad.
0:34 of 3rd period - Goal by Nick Bjugstad - Senateurs : 1 - Jets : 1.
0:35 of 3rd period - Ryan Johansen wins face-off versus Sidney Crosby in neutral zone.
1:00 of 3rd period - Jared Cowen is hit by Max Domi.
1:08 of 3rd period - Michael Frolik is hit by Tyler Seguin and loses puck.
1:25 of 3rd period - Anthony Mantha is hit by Taylor Chorney.
1:29 of 3rd period - Snap shot by Jussi Jokinen.
1:29 of 3rd period - Shot Misses the Net.
2:15 of 3rd period - Snap shot by Garnet Hathaway.
2:15 of 3rd period - Shot Misses the Net.
2:33 of 3rd period - Snap shot by Tyler Seguin.
2:33 of 3rd period - Shot Misses the Net.
2:35 of 3rd period - Backhand shot by Max Domi.
2:35 of 3rd period - Shot Misses the Net.
2:52 of 3rd period - Icing by Rostislav Olesz.
2:53 of 3rd period - Rostislav Olesz wins face-off versus Alexander Wennberg in Senateurs zone.
3:12 of 3rd period - Snap shot by Alexander Wennberg.
3:12 of 3rd period - Stopped by Jonathan Bernier with a rebound.
3:16 of 3rd period - Wrist shot by Anthony Mantha.
3:16 of 3rd period - Stopped by Jonathan Bernier with a rebound.
3:18 of 3rd period - Wrist shot by Anthony Mantha.
3:18 of 3rd period - Stopped by Jonathan Bernier with a rebound.
3:20 of 3rd period - Wrist shot by Brent Burns.
3:20 of 3rd period - Stopped by Jonathan Bernier with a rebound.
3:22 of 3rd period - Snap shot by Alexander Wennberg.
3:22 of 3rd period - Shot Misses the Net.
3:24 of 3rd period - Slapshot by Brent Burns.
3:24 of 3rd period - Shot Misses the Net.
3:32 of 3rd period - Troy Stetcher is hit by Eric Gelinas and loses puck.
3:50 of 3rd period - Slapshot by Michael Frolik.
3:50 of 3rd period - Stopped by Jacob Markstrom with a rebound.
4:04 of 3rd period - Jussi Jokinen is hit by Michael Frolik and loses puck.
4:39 of 3rd period - Wrist shot by Rostislav Olesz.
4:39 of 3rd period - Stopped by Jacob Markstrom without a rebound.
4:40 of 3rd period - Nick Bjugstad wins face-off versus Sidney Crosby in Jets zone.
4:57 of 3rd period - Slapshot by Nick Bjugstad.
4:57 of 3rd period - Stopped by Jonathan Bernier without a rebound.
4:58 of 3rd period - Tyler Seguin wins face-off versus Cody Eakin in Senateurs zone.
4:59 of 3rd period - Snap shot by Tyler Toffoli.
4:59 of 3rd period - Shot Blocked by Jordan Martinook.
5:24 of 3rd period - Sean Bergenheim is hit by Ryan Johansen and loses puck.
5:33 of 3rd period - Snap shot by Sidney Crosby.
5:33 of 3rd period - Shot Misses the Net.
5:56 of 3rd period - Minor Penalty to Jason Akeson for Tripping.
5:57 of 3rd period - Sidney Crosby wins face-off versus Ryan Johansen in Senateurs zone.
6:22 of 3rd period - Taylor Chorney is hit by Dougie Hamilton and loses puck.
7:56 of 3rd period - Penalty to Jason Akeson is over, Jason Akeson is back on ice.
8:32 of 3rd period - Brent Burns is hit by Garnet Hathaway and loses puck.
8:55 of 3rd period - Ryan Johansen is hit by Brandon Sutter and loses puck.
9:00 of 3rd period - Wrist shot by Jason Akeson.
9:00 of 3rd period - Shot Hit the Post.
9:50 of 3rd period - Wrist shot by Jordan Martinook.
9:50 of 3rd period - Goal by Jordan Martinook - Senateurs : 2 - Jets : 1.
9:51 of 3rd period - Tyler Seguin wins face-off versus Sidney Crosby in neutral zone.
9:56 of 3rd period - Snap shot by Tyler Seguin.
9:56 of 3rd period - Shot Blocked by David Backes.
9:58 of 3rd period - Wrist shot by Tyler Seguin.
9:58 of 3rd period - Deflect By Tyler Toffoli.
9:58 of 3rd period - Shot Misses the Net.
9:58 of 3rd period - Puck is out of play.
9:59 of 3rd period - David Backes wins face-off versus Tyler Seguin in Senateurs zone.
9:59 of 3rd period - Eric Gelinas is hit by Tyler Seguin.
10:03 of 3rd period - Snap shot by Tyler Seguin.
10:03 of 3rd period - Shot Blocked by Jared Cowen.
10:05 of 3rd period - Snap shot by Max Domi.
10:05 of 3rd period - Shot Blocked by Eric Gelinas.
10:07 of 3rd period - Slapshot by Brent Burns.
10:07 of 3rd period - Deflect By Sean Bergenheim.
10:07 of 3rd period - Stopped by Jonathan Bernier with a rebound.
10:11 of 3rd period - Wrist shot by Max Domi.
10:11 of 3rd period - Stopped by Jonathan Bernier with a rebound.
10:13 of 3rd period - Slapshot by Brent Burns.
10:13 of 3rd period - Shot Blocked by Eric Gelinas.
10:23 of 3rd period - Snap shot by Max Domi.
10:23 of 3rd period - Stopped by Jonathan Bernier without a rebound.
10:24 of 3rd period - Ryan Johansen wins face-off versus Evgeni Malkin in Senateurs zone.
10:27 of 3rd period - Snap shot by Ryan Johansen.
10:27 of 3rd period - Stopped by Jonathan Bernier with a rebound.
10:33 of 3rd period - Wrist shot by Evgeni Malkin.
10:33 of 3rd period - Shot Blocked by Nick Bjugstad.
10:35 of 3rd period - Slapshot by Taylor Chorney.
10:35 of 3rd period - Deflect By Alex Galchenyuk.
10:35 of 3rd period - Stopped by Jacob Markstrom without a rebound.
10:36 of 3rd period - Tyler Seguin wins face-off versus Sidney Crosby in Jets zone.
10:53 of 3rd period - Snap shot by Tyler Seguin.
10:53 of 3rd period - Shot Hit the Post.
11:13 of 3rd period - Wrist shot by Tyler Seguin.
11:13 of 3rd period - Goal by Tyler Seguin - Senateurs : 2 - Jets : 2.
11:14 of 3rd period - Ryan Johansen wins face-off versus Sidney Crosby in neutral zone.
11:25 of 3rd period - Troy Stetcher is hit by Sean Bergenheim and loses puck.
12:12 of 3rd period - Snap shot by Anthony Mantha.
12:12 of 3rd period - Stopped by Jonathan Bernier with a rebound.
12:14 of 3rd period - Slapshot by Anthony Mantha.
12:14 of 3rd period - Stopped by Jonathan Bernier with a rebound.
12:26 of 3rd period - Snap shot by Noel Acciari.
12:26 of 3rd period - Stopped by Jonathan Bernier without a rebound.
12:27 of 3rd period - Sidney Crosby wins face-off versus Frank Vatrano in Senateurs zone.
12:42 of 3rd period - Ryan Murray is hit by Sidney Crosby and loses puck.
13:07 of 3rd period - Noel Acciari is hit by Sean Bergenheim.
13:25 of 3rd period - Wrist shot by Sidney Crosby.
13:25 of 3rd period - Shot Misses the Net.
14:16 of 3rd period - Snap shot by Frank Vatrano.
14:16 of 3rd period - Deflect By Noel Acciari.
14:16 of 3rd period - Shot Blocked by Eric Gelinas.
14:16 of 3rd period - Puck is out of play.
14:17 of 3rd period - Evgeni Malkin wins face-off versus Ryan Johansen in Senateurs zone.
14:24 of 3rd period - Wrist shot by Evgeni Malkin.
14:24 of 3rd period - Shot Misses the Net.
14:26 of 3rd period - Snap shot by Evgeni Malkin.
14:26 of 3rd period - Shot Misses the Net.
14:28 of 3rd period - Slapshot by Michael Frolik.
14:28 of 3rd period - Shot Misses the Net.
14:30 of 3rd period - Slapshot by Taylor Chorney.
14:30 of 3rd period - Deflect By Rostislav Olesz.
14:30 of 3rd period - Shot Misses the Net.
14:30 of 3rd period - Puck is out of play.
14:31 of 3rd period - Tyler Seguin wins face-off versus Evgeni Malkin in Jets zone.
15:01 of 3rd period - Slapshot by Tim Schaller.
15:01 of 3rd period - Stopped by Jacob Markstrom with a rebound.
17:29 of 3rd period - Minor Penalty to Alexander Wennberg for Hooking.
17:30 of 3rd period - Ryan Johansen wins face-off versus Sidney Crosby in Jets zone.
17:53 of 3rd period - Rostislav Olesz is hit by Ryan Johansen and loses puck.
19:01 of 3rd period - Jeff Woywitka is hit by Nick Bjugstad and loses puck.
19:24 of 3rd period - David Backes is hit by Tyler Toffoli and loses puck.
19:29 of 3rd period - Penalty to Alexander Wennberg is over, Alexander Wennberg is back on ice.
Goals for this period are 1 for Senateurs vs 2 for Jets.
Shots for this period are 5 for Senateurs vs 14 for Jets.
Overtime #1
0:01 of 1st overtime period - Ryan Johansen wins face-off versus Sidney Crosby in neutral zone.
0:08 of 1st overtime period - Snap shot by Ryan Johansen.
0:08 of 1st overtime period - Deflect By Sean Bergenheim.
0:08 of 1st overtime period - Stopped by Jonathan Bernier with a rebound.
0:28 of 1st overtime period - Alex Galchenyuk is hit by Sidney Crosby and loses puck.
0:39 of 1st overtime period - Slapshot by Adam Larsson.
0:39 of 1st overtime period - Stopped by Jonathan Bernier without a rebound.
0:40 of 1st overtime period - Evgeni Malkin wins face-off versus Nick Bjugstad in Senateurs zone.
0:53 of 1st overtime period - Wrist shot by Rostislav Olesz.
0:53 of 1st overtime period - Stopped by Jacob Markstrom without a rebound.
0:54 of 1st overtime period - Ryan Johansen wins face-off versus Sidney Crosby in Jets zone.
3:03 of 1st overtime period - Icing by Dougie Hamilton.
3:04 of 1st overtime period - Jason Akeson wins face-off versus Alexander Wennberg in Jets zone.
3:24 of 1st overtime period - Ryan Johansen is hit by Sean Bergenheim and loses puck.
3:50 of 1st overtime period - Evgeni Malkin is hit by Max Domi and loses puck.
4:09 of 1st overtime period - Max Domi is hit by Taylor Chorney and loses puck.
4:38 of 1st overtime period - Jared Cowen is hit by Max Domi and loses puck.
4:51 of 1st overtime period - Snap shot by Tyler Seguin.
4:51 of 1st overtime period - Shot Misses the Net.
Goals for this period are 0 for Senateurs vs 0 for Jets.
Shots for this period are 1 for Senateurs vs 2 for Jets.
ShootOut
5:00 of 1st overtime period - Round #1.
5:00 of 1st overtime period - Senateurs, Sidney Crosby.
5:00 of 1st overtime period - Deke by Sidney Crosby.
5:00 of 1st overtime period - Shot Misses the Net.
5:00 of 1st overtime period - Jets, Ryan Johansen.
5:00 of 1st overtime period - Wrist shot by Ryan Johansen.
5:00 of 1st overtime period - Stopped by Jonathan Bernier.
5:00 of 1st overtime period - Round #2.
5:00 of 1st overtime period - Senateurs, Evgeni Malkin.
5:00 of 1st overtime period - Snap shot by Evgeni Malkin.
5:00 of 1st overtime period - Goal by Evgeni Malkin.
5:00 of 1st overtime period - Jets, Tyler Toffoli.
5:00 of 1st overtime period - Deke by Tyler Toffoli.
5:00 of 1st overtime period - Stopped by Jonathan Bernier.
5:00 of 1st overtime period - Round #3.
5:00 of 1st overtime period - Senateurs, David Backes.
5:00 of 1st overtime period - Wrist shot by David Backes.
5:00 of 1st overtime period - Stopped by Jacob Markstrom.
5:00 of 1st overtime period - Jets, Tyler Seguin.
5:00 of 1st overtime period - Deke by Tyler Seguin.
5:00 of 1st overtime period - Goal by Tyler Seguin.
5:00 of 1st overtime period - Round #4.
5:00 of 1st overtime period - Senateurs, Michael Frolik.
5:00 of 1st overtime period - Deke by Michael Frolik.
5:00 of 1st overtime period - Goal by Michael Frolik.
5:00 of 1st overtime period - Jets, Jussi Jokinen.
5:00 of 1st overtime period - Wrist shot by Jussi Jokinen.
5:00 of 1st overtime period - Stopped by Jonathan Bernier.